 Dungeon Crawl Stone Soup version 0.27-a0-972-gd1521fd518 (webtiles) character file.

Game seed: 17543588653610139311

32 Anon1729 the Grasshopper (level 3, 0/28 HPs)
             Began as a Palentonga Warper on Apr 13, 2021.
             Slain by a frilled lizard (3 damage)
             ... on level 2 of the Dungeon.
             The game lasted 00:01:31 (1573 turns).

Anon1729 the Grasshopper (Palentonga Warper)        Turns: 1573, Time: 00:01:31

Health: 0/28       AC:  4    Str: 15    XL:     3   Next: 8%
Magic:  6/6        EV:  9    Int: 13    God:
Gold:   48         SH:  0    Dex:  9    Spells: 6/6 levels left

rFire    . . .     SeeInvis +   g - +1 whip (drain)
rCold    . . .     Faith    .   (no shield)
rNeg     . . .     Spirit   .   b - +0 leather armour
rPois    .         Reflect  .   (no helmet)
rElec    .         Harm     .   (no cloak)
rCorr    .         Rampage  .   (no gloves)
Will     .....                  (no barding)
Stlth    +.........             (no amulet)
HPRegen  0.09/turn              (no ring)
MPRegen  0.10/turn              (no ring)

@: no status effects
A: large, rugged brown scales 3, see invisible, deformed body, roll 1, armoured
tail
a: Rolling Charge


You were on level 2 of the Dungeon.
You visited 1 branch of the dungeon, and saw 2 of its levels.

You collected 48 gold pieces.

Inventory:

Hand Weapons
 a - a +0 mace
 g - a +1 whip of draining (weapon)
Missiles
 e - 5 boomerangs of dispersal (quivered)
Armour
 b - a +0 leather armour (worn)
Scrolls
 c - a scroll of enchant weapon {unknown}
 d - a scroll of blinking
 f - a scroll of identify {unknown}
 h - a scroll of enchant armour {unknown}
Potions
 i - a potion of curing {unknown}


   Skills:
 + Level 2.2 Fighting
 + Level 2.3 Maces & Flails
 + Level 1.1 Throwing
 + Level 1.0 Armour
 + Level 1.8 Dodging
 + Level 2.1 Spellcasting
 + Level 3.2 Translocations


You had 6 spell levels left.
You didn't know any spells.
Your spell library contained the following spells:

 Spells                   Type           Power      Damage    Failure   Level
 Blink                    Tloc           N/A        N/A       12%         2
 Gell's Gravitas          Tloc           4%         N/A       24%         3
 Lesser Beckoning         Tloc           4%         N/A       24%         3
 Teleport Other           Tloc           9%         N/A       24%         3
 Manifold Assault         Tloc           9%         N/A       92%         5


Dungeon Overview and Level Annotations

Branches:
Dungeon (2/15)

Altars:


Innate Abilities, Weirdness & Mutations

You are completely covered in rugged brown scales. (AC +3, +7% HP)
You have supernaturally acute eyesight. (SInv)
Armour fits poorly on your strangely shaped body.
You can roll at nearby foes to attack.
You have a long armoured tail.


Message History

Your experience leads to an increase in your attributes!
Increase (S)trength, (I)ntelligence, or (D)exterity?
You feel stronger.
You hit the rat.
You kill the rat!
You feel sick. The bat barely misses you.
A bat comes into view.
You feel sick. The bat barely misses you.
You feel sick. The bat hits you but does no damage. The bat hits you.
* * * LOW HITPOINT WARNING * * *
The bat hits you but does no damage.
You hit the bat but do no damage.
Your tail-slap misses the bat.
You feel sick. The bat hits you.
* * * LOW HITPOINT WARNING * * *
The bat hits you but does no damage. The bat barely misses you.
You barely miss the bat.
You feel sick. The bat hits you.
* * * LOW HITPOINT WARNING * * *
The bat completely misses you.
Roll where?
Press: ? - help, Dir - move target, f - bat
Aim: a bat You roll forward with a clatter of scales!
You closely miss the bat.
A frilled lizard comes into view.
You feel sick.
You are no longer poisoned.
The frilled lizard hisses angrily.
The bat closely misses you. The bat hits you but does no damage.
You closely miss the bat. The bat hits you but does no damage.
The bat barely misses you.
Roll where?
Press: ? - help, Dir - move target, f - frilled lizard, p - bat
Aim: a frilled lizard You roll forward with a clatter of scales!
You barely miss the frilled lizard. The bat barely misses you.
The frilled lizard barely misses you. The bat hits you but does no damage.
You miss the frilled lizard.
Your tail-slap misses the frilled lizard.
The bat closely misses you. x3; The frilled lizard bites you.
You die...

#.........##.#.#.#.#.##
......................
...##......#.#.#.#.#.##
.#[###................#
##.........#.#.#.#.#.##
....##................#
.## #.....#.#.#b#.#.##
#.........b○.....#
#####.#.#.#@#.#.##
##......l.....#
##.#.#.#.#.#.#
#............ ##.#.#.#
#.#.# #.. .... ...# ##
#.# #.# ### .#


You could see 2 bats and a frilled lizard.

Vanquished Creatures
  An adder (D:2)
  A bat (D:1)
  A hobgoblin (D:1)
  A quokka (D:2)
  4 ball pythons
  6 frilled lizards
  8 kobolds (D:1)
  4 rats
26 creatures vanquished.

Vanquished Creatures (others)
  5 plants (D:1)
5 creatures vanquished.

Grand Total: 31 creatures vanquished

Notes
Turn   | Place    | Note
-------+----------+-------------------------------------------
     0 | D:1      | Anon1729 the Palentonga Warper began the quest for the Orb.
     0 | D:1      | Reached XP level 1. HP: 17/17 MP: 3/3
   589 | D:1      | Reached XP level 2. HP: 11/23 MP: 5/5
   593 | D:1      | Reached skill level 1 in Armour
  1053 | D:1      | Reached skill level 1 in Throwing
  1565 | D:2      | Reached XP level 3. HP: 12/28 MP: 6/6
  1573 | D:2      | Slain by a frilled lizard

Illustrated notes

Levels and vault maps discovered:
D:1:      minmay_arrival_open_corners, layout_basic, lexackson_kobold_supper
D:2:      layout_rooms, st_stairs_11

Skill      XL: |  1  2 |
---------------+-------+-----
Armour         | 1 |  1.0
Throwing       | 1 |  1.1
Fighting       | |  2.2
Maces & Flails | |  2.3
Dodging        | |  1.8
Spellcasting   | |  2.1
Translocations | |  3.2

Action                   || total
-------------------------++-------
Melee: Mace              ||    26
       Whip              ||    57
       Tailslap          ||     5
 Abil: Rolling Charge    ||     2
Armor: Leather armour    ||    40
Dodge: Dodged            ||    61

Table legend: (Time is in decaauts)
 A = Elapsed time spent in this place.
 B = Non-inter-level travel time spent in this place.
 C = Inter-level travel time spent in this place.
 D = Time resting spent in this place.
 E = Time spent auto-exploring this place.
 F = Levels seen in this place.
 G = Mean time per level.
                   A        B        C        D        E       F      G
               +--------+--------+--------+--------+--------+-----+--------+
         Total |   1579 |   1537 |     42 |     76 |   1308 |   2 |  789.5 |
       Dungeon |   1579 |   1537 |     42 |     76 |   1308 |   2 |  789.5 |
               +--------+--------+--------+--------+--------+-----+--------+

Top non-repeatable levels by time:
     D:1: 1513 daAuts
     D:2: 66 daAuts
